 Dungeon Crawl Stone Soup version 0.24.0-123-gd5b16e6ec5 (webtiles) character file.

Game seed: 589461846075075942, levelgen mode: deterministic

6211 FluffierThanThou the Fighter (level 10, -17/96 HPs)
             Began as a Minotaur Fighter on Jan 14, 2020.
             Was a High Priest of Okawaru.
             Demolished by a two-headed ogre
             ... wielding a +0 giant spiked club
              (22 damage)
             ... on level 9 of the Dungeon.
             The game lasted 00:18:59 (7561 turns).

FluffierThanThou the Fighter (Minotaur Fighter)     Turns: 7561, Time: 00:19:00

Health: -17/96     AC: 15    Str: 23    XL:     10   Next: 61%
Magic:  8/9        EV:  7    Int:  5    God:    Okawaru [*****.]
Gold:   355        SH:  6    Dex: 14    Spells: 9/9 levels left

rFire    + . .     SeeInvis .   a - +0 war axe
rCold    . . .     Gourm    .   v - +0 buckler {rF+}
rNeg     . . .     Faith    .   C - +0 plate armour
rPois    .         Spirit   .   (helmet restricted)
rElec    .         Reflect  .   (no cloak)
rCorr    .         Harm     .   (no gloves)
MR       .....                  z - +0 pair of boots
Stlth    ..........             (no amulet)
HPRegen  0.26/turn              p - +5 ring of slaying
MPRegen  0.11/turn              y - +3 ring of dexterity

@: no status effects
A: retaliatory headbutt, horns 2
a: Heroism, Finesse, Renounce Religion


You were on level 9 of the Dungeon.
You worshipped Okawaru.
Okawaru was extremely pleased with you.
You were not hungry.

You visited 2 branches of the dungeon, and saw 10 of its levels.

You collected 439 gold pieces.
You spent 84 gold pieces at shops.

Inventory:

Hand Weapons
 a - a +0 war axe (weapon)
Armour
 v - a +0 buckler of fire resistance (worn)
   (You found it on level 5 of the Dungeon)
 z - a +0 pair of boots (worn)
   (You found it on level 7 of the Dungeon)
 C - a +0 plate armour (worn)
   (You found it on level 8 of the Dungeon)
Jewellery
 i - an uncursed ring of ice
   (You found it on level 1 of the Dungeon)
 p - a +5 ring of slaying (left hand)
   (You found it on level 3 of the Dungeon)
 y - a +3 ring of dexterity (right hand)
   (You found it on level 5 of the Dungeon)
Wands
 k - a wand of enslavement (7)
   (You found it on level 7 of the Dungeon)
 w - a wand of polymorph (14)
   (You found it on level 5 of the Dungeon)
 x - a wand of acid (10)
   (You found it on level 5 of the Dungeon)
Scrolls
 b - 2 scrolls of identify {@r1}
 f - a scroll of random uselessness
 g - 5 scrolls of remove curse {@r2}
 j - 4 scrolls of fog
 l - a scroll of enchant armour
 o - a scroll of amnesia
 q - a scroll of enchant weapon {unknown}
 r - a scroll of fear {unknown}
 t - 2 scrolls of magic mapping
 u - 3 scrolls of teleportation {@r4}
Potions
 m - 2 potions of brilliance {unknown}
 n - 2 potions of curing {@q1}
 s - 3 potions of agility
 B - a potion of flight {unknown}
Comestibles
 e - 4 rations {!d}
 A - 6 chunks of flesh


   Skills:
 * Level 11.5 Fighting
 * Level 11.2 Axes
 + Level 8.7 Armour
 + Level 8.7 Shields


You had 9 spell levels left.
You didn't know any spells.
Your spell library contained the following spells:

 Spells                   Type           Power        Failure   Level  Hunger
 Beastly Appendage        Tmut           #.....       100%        1    ##.....
 Magic Dart               Conj           #...         100%        1    ##.....
 Searing Ray              Conj           #.....       100%        2    ###....
 Sticks to Snakes         Tmut           #.......     100%        2    ###....
 Dazzling Spray           Conj/Hex       #.....       100%        3    ####...
 Spider Form              Tmut/Pois      #.........   100%        3    ####...
 Force Lance              Conj/Tloc      #.......     100%        4    #####..
 Fulminant Prism          Conj/Hex       #.........   100%        4    #####..
 Ice Form                 Ice/Tmut       #.......     100%        4    #####..
 Iskenderun's Mystic Bla  Conj           #.......     100%        4    #####..
 Blade Hands              Tmut           #.........   100%        5    ######.


Dungeon Overview and Level Annotations

Branches:
Dungeon (9/15)             Temple (1/1) D:4
   Lair: D:8-11         Orc: D:9-12

Altars:
Ashenzari
Cheibriados
Dithmenos
Elyvilon
Fedhas
Gozag
Hepliaklqana
Kikubaaqudgha
Makhleb
Nemelex Xobeh
Okawaru
Qazlal
Ru
Sif Muna
Trog
Uskayaw
Vehumet
Wu Jian
Xom
Yredelemnul
Zin
The Shining One
Beogh
Jiyva

Shops:
D:4 %!}%*   D:8 *(

Annotations:
D:9 Grum


Innate Abilities, Weirdness & Mutations

You reflexively headbutt those who attack you in melee.
You have a pair of horns on your head.


Message History

You hit the yak. You headbutt the yak! The yak gores you!
* * * LOW HITPOINT WARNING * * *
You slice the yak!!
You kill the yak!
Okawaru accepts your kill.
You slash the yak!
You kill the yak!
Okawaru accepts your kill.
Your base Axes skill increases to level 11!
You block Grum's attack.
You slash the two-headed ogre! You block Grum's attack.
The two-headed ogre hits you with a +0 giant spiked club!
* * * LOW HITPOINT WARNING * * *
The two-headed ogre hits you with a +0 giant spiked club!
* * * LOW HITPOINT WARNING * * *
You feel better. You block Grum's attack.
You slice the two-headed ogre!! You headbutt the two-headed ogre!
You kill the two-headed ogre!
Okawaru accepts your kill.
You can now speed up your combat.
Okawaru will now gift you equipment as you gain piety.
You hear two shouts!
Grum completely misses you.
A two-headed ogre comes into view.
It is wielding a +0 giant spiked club and a +0 giant club.
The two-headed ogre shouts in stereo!
Grum closely misses you. You furiously retaliate!
You headbutt Grum!
There is a stone staircase leading up, spattered with blood here.
You see here a killer bee corpse.
You hit Grum. You headbutt Grum!
A leopard gecko skeleton comes into view.
You hit Grum but do no damage. You headbutt Grum.
Grum drinks a potion.
Grum is healed!
You slash Grum! Grum hits you with a -1 spear!
* * * LOW HITPOINT WARNING * * *
You feel better.
You feel like a meek peon again. Grum hits you but does no damage.
You barely miss Grum.
A two-headed ogre comes into view.
It is wielding a +0 giant club and a +0 giant spiked club.
Grum barely misses you.
You barely miss Grum. You hit Grum but do no damage. You headbutt Grum!
You slash the two-headed ogre! Grum hits you but does no damage.
The two-headed ogre hits you with a +0 giant spiked club!
* * * LOW HITPOINT WARNING * * *
The two-headed ogre barely misses you.
You closely miss Grum. You slash the two-headed ogre!
Grum hits you with a -1 spear.
* * * LOW HITPOINT WARNING * * *
The two-headed ogre hits you with a +0 giant spiked club!!
You die...

...............
.........#...#.
.....?......>..
......$.....
##.#.......##.#
#....††.##..).. .
#...†...# ...
..#...g##.#..##.
.......O@.O......
....#..#Z##)######
.......#.. ...
#####..########


#YY #.. You could see 2 two-headed ogres, Grum and a leopard gecko skeleton.

Vanquished Creatures
  3 two-headed ogres
  Prince Ribbit (D:6)
  3 hippogriffs
  A wyvern (D:8)
  3 yaks (D:9)
  A water moccasin (D:6)
  An orc warrior (D:5)
  3 black bears (D:8)
  A phantom (D:8)
  2 ice beasts
  An ogre (D:8)
  2 wolves (D:9)
  A centaur (D:8)
  A big kobold (D:8)
  A bullfrog (D:6)
  Blork the orc (D:6)
  A water moccasin skeleton (D:5)
  2 scorpions (D:6)
  9 killer bees
  A howler monkey (D:6)
  4 crimson imps
  6 hounds
  6 orc priests
  A jelly (D:6)
  6 orc wizards
  Natasha (thrice) (D:4)
  6 worker ants
  An iguana (D:8)
  6 adders
  A shadow imp (D:7)
  An ooze (D:1)
  An adder skeleton (D:4)
  4 worms
  2 dart slugs
  5 leopard geckos
  42 orcs
  4 giant cockroaches
  9 goblins
  5 hobgoblins
  18 jackals
  2 quokkas
  7 bats
  7 frilled lizards
  A jackal skeleton (D:4)
  10 kobolds
  2 quokka skeletons
  6 rats
205 creatures vanquished.

Notes
Turn   | Place    | Note
-------+----------+-------------------------------------------
     0 | D:1      | FluffierThanThou the Minotaur Fighter began the quest for
                  | the Orb.
     0 | D:1      | Reached XP level 1. HP: 19/19 MP: 0/0
   151 | D:1      | Reached XP level 2. HP: 27/27 MP: 1/1
   749 | D:2      | Reached XP level 3. HP: 33/33 MP: 2/2
   767 | D:2      | Found a snail-covered altar of Cheibriados.
  1423 | D:3      | Reached XP level 4. HP: 10/41 MP: 3/3
  1664 | D:3      | Found a hazy altar of Hepliaklqana.
  1819 | D:3      | Found a basalt altar of Yredelemnul.
  1822 | D:3      | Found a stormy altar of Qazlal.
  1822 | D:3      | Found a hide-covered altar of Uskayaw.
  1938 | D:3      | Reached XP level 5. HP: 47/47 MP: 4/4
  1952 | D:3      | Reached skill level 5 in Fighting
  2584 | D:4      | Found a shattered altar of Ashenzari.
  2590 | D:4      | Reached XP level 6. HP: 56/56 MP: 5/5
  2691 | D:4      | Reached skill level 5 in Axes
  2765 | D:4      | Found Nigraled's Gadget Shop.
  2806 | D:4      | Found Welium's Distillery.
  2816 | D:4      | Bought a potion of curing for 42 gold pieces
  2816 | D:4      | Bought a potion of lignification for 42 gold pieces
  2875 | D:4      | Found a staircase to the Ecumenical Temple.
  2879 | D:4      | Reached skill level 5 in Armour
  2881 | D:4      | Noticed Natasha
  2888 | D:4      | Killed Natasha
  2888 | D:4      | Reached skill level 5 in Shields
  2894 | Temple   | Entered the Ecumenical Temple
  2997 | Temple   | Became a worshipper of Warmaster Okawaru
  3134 | D:4      | Found Edegogul's Food Shoppe.
  3173 | D:4      | Found Axzafom's Food Boutique.
  3394 | D:4      | Noticed Natasha
  3400 | D:4      | Killed Natasha
  3425 | D:4      | Found Epio's Assorted Antiques.
  3541 | D:4      | Noticed Natasha
  3545 | D:4      | Killed Natasha
  3545 | D:4      | Reached XP level 7. HP: 62/63 MP: 6/6
  3600 | D:4      | Found a staircase to the Ecumenical Temple.
  3614 | D:4      | Found Welium's Distillery.
  3642 | D:4      | Found Nigraled's Gadget Shop.
  3779 | D:4      | Found Axzafom's Food Boutique.
  3825 | D:4      | Found Edegogul's Food Shoppe.
  3838 | D:4      | Found Epio's Assorted Antiques.
  4048 | D:4      | Found a shattered altar of Ashenzari.
  4174 | D:5      | Entered Level 5 of the Dungeon
  4383 | D:5      | Found a runed translucent door.
  4770 | D:5      | Reached * piety under Okawaru
  5105 | D:5      | Found a roughly hewn altar of Beogh.
  5206 | D:6      | Reached XP level 8. HP: 56/73 MP: 7/7
  5312 | D:6      | Reached ** piety under Okawaru
  5387 | D:6      | Noticed Prince Ribbit
  5581 | D:6      | Killed Prince Ribbit
  5892 | D:6      | Noticed Blork the orc
  5901 | D:6      | Killed Blork the orc
  6075 | D:7      | Reached XP level 9. HP: 49/82 MP: 8/8
  6158 | D:7      | Found a shimmering altar of Xom.
  6168 | D:7      | Found a white marble altar of Elyvilon.
  6388 | D:7      | Reached *** piety under Okawaru
  6392 | D:7      | Found an ancient bone altar of Kikubaaqudgha.
  6392 | D:7      | Found a blossoming altar of Fedhas.
  6802 | D:8      | Noticed a two-headed ogre
  6807 | D:8      | Killed a two-headed ogre
  6807 | D:8      | Reached skill level 10 in Fighting
  6808 | D:8      | Found Zeopis's Assorted Antiques.
  6869 | D:8      | Noticed a two-headed ogre
  6878 | D:8      | Killed a two-headed ogre
  6878 | D:8      | Reached **** piety under Okawaru
  6878 | D:8      | Reached skill level 10 in Axes
  6878 | D:8      | Reached XP level 10. HP: 69/94 MP: 9/9
  7035 | D:8      | Found Emnig's Weapon Shop.
  7056 | D:8      | Found a radiant altar of Vehumet.
  7519 | D:9      | Noticed Grum
  7542 | D:9      | Noticed a two-headed ogre
  7552 | D:9      | Killed a two-headed ogre
  7552 | D:9      | Reached ***** piety under Okawaru
  7553 | D:9      | Noticed a two-headed ogre
  7558 | D:9      | Noticed a two-headed ogre
  7561 | D:9      | Demolished by a two-headed ogre

Levels and vault maps discovered:
D:1:      co_arrival_square_in_a_square_in_a_square, layout_basic
D:2:      layout_basic, overflow_temple_1_default
D:3:      layout_loops_ring, lemuel_doored_altar, grunt_temple_overflow_open,
          palyth_stone_intersect, minivault_11
D:4:      layout_basic, old_standard_altar, minmay_temple_entry_large_hall,
          serial_shops, shop, kennysheep_mini_moat, nicolae_shop_waterfront,
          kennysheep_little_box, shop_statue, first_ration, grunt_ministairs_2,
          uniq_natasha
D:5:      layout_loops_cross, st_stairs_6, minmay_splitting_lines,
          lightli_church_of_beogh
D:6:      layout_cave_pools, uniq_prince_ribbit1, uniq_blork_the_orc
D:7:      layout_loops_corners, grunt_temple_overflow_growth_and_decay,
          amethyst_overflow_temple_binary
D:8:      layout_cave_pods, kennysheep_mini, serial_shops, shop_statue, shop
D:9:      minmay_the_grid_triangle_9x9_recursive_2_mashed
          [minmay_the_grid_triangle_9x9_prize_schism,
          minmay_the_grid_triangle_9x9_shrine,
          minmay_the_grid_triangle_9x9_alien,
          minmay_the_grid_triangle_9x9_semitri], layout_basic, serial_shops,
          shop, uniq_grum, uniq_joseph
Temple:   pf_slimified_temple

Skill      XL: |  1  2  3  4  5  6  7  8  9 10 |
---------------+-------------------------------+-----
Fighting       | 4 5 6 7 8 10 11 | 11.5
Axes           | 3 4 5 6 8 10 11 | 11.2
Armour         | 4 5 6 7 8 |  8.7
Shields        | 4 5 6 7 8 |  8.7

Action                   |  1- 3 |  4- 6 |  7- 9 | 10-12 || total
-------------------------+-------+-------+-------+-------++-------
Melee: War axe           |    95 |   143 |   158 |    69 ||   465
       Headbutt          |    14 |    26 |    38 |    11 ||    89
Invok: Heroism           |       |       |       |     1 ||     1
  Use: Potion            |     1 |     1 |    12 |     3 ||    17
       Scroll            |       |       |    10 |       ||    10
  Eat: Chunk             |     2 |     5 |     2 |     2 ||    11
       Ration            |       |     1 |     2 |       ||     3
Armor: Scale mail        |    43 |    58 |    50 |     6 ||   157
       Skin              |       |       |    70 |       ||    70
       Plate armour      |       |       |       |    38 ||    38
Dodge: Dodged            |    21 |    39 |   107 |    40 ||   207
Block: Shield            |    48 |    70 |     2 |       ||   120
       Buckler           |       |       |    57 |    23 ||    80
